 Dungeon Crawl Stone Soup version 0.27-a0-1202-ge72e49191c (webtiles) character file.

Game seed: 18000017692223809340

261 robertstho the Skirmisher (level 5, -1/48 HPs)
             Began as a Draconian Berserker on June 4, 2021.
             Was a Believer of Trog.
             Slain by an ogre
             ... wielding a +0 giant club
              (10 damage)
             ... on level 3 of the Dungeon.
             The game lasted 00:03:15 (2306 turns).

robertstho the Skirmisher (Draconian Berserker)     Turns: 2306, Time: 00:03:16

Health: -1/48      AC:  5    Str: 20    XL:     5   Next: 96%
Magic:  5/5        EV: 13    Int:  7    God:    Trog [**....]
Gold:   22         SH:  0    Dex: 11    Spells: 4/4 levels left

rFire    . . .     SeeInvis .   a - +0 falchion
rCold    . . .     Faith    .   (no shield)
rNeg     . . .     Spirit   .   (armour unavailable)
rPois    .         Reflect  .   (helmet restricted)
rElec    .         Harm     .   (no cloak)
rCorr    .         Rampage  .   (no gloves)
Will     ++...                  (no boots)
Stlth    +.........             b - amulet of magic regeneration
HPRegen  1.16/turn              (no ring)
MPRegen  0.34/turn              (no ring)

@: strong-willed, on berserk cooldown, regenerating, slowed, very slow
A: AC +5, unfitting armour, cold-blooded
a: Renounce Religion, Berserk, Trog's Hand


You were on level 3 of the Dungeon.
You worshipped Trog.
Trog was pleased with you.
You visited 1 branch of the dungeon, and saw 3 of its levels.

You collected 22 gold pieces.

Inventory:

Hand Weapons
 a - a +0 falchion (weapon)
Missiles
 j - 2 throwing nets
Jewellery
 b - an amulet of magic regeneration (around neck)
Scrolls
 c - a scroll of enchant armour {unknown}
 e - 3 scrolls of amnesia {unknown}
 f - a scroll of blinking {unknown}
 g - a scroll of fog {unknown}
Potions
 d - a potion of heal wounds
 i - a potion of degeneration {unknown}


   Skills:
 * Level 5.0 Fighting
 + Level 4.4 Long Blades
 * Level 4.1 Dodging
 + Level 0.5 Stealth


You had 4 spell levels left.
You didn't know any spells.
Your spell library was empty.

Dungeon Overview and Level Annotations

Branches:
Dungeon (3/15)

Altars:


Innate Abilities, Weirdness & Mutations

Your plain brown scales are hard. (AC +5)
You cannot fit into any form of body armour.
You are cold-blooded and may be slowed by cold attacks.


Message History

* * * LOW HITPOINT WARNING * * *
You see here a +0 halberd.
You barely miss something. You tail-slap something!
You hear some strange, mumbled words.
Something tries to affect you, but you resist.
You miss something. You barely miss something.
You are no longer berserk.
You are exhausted.
You feel yourself slow down. Something hits you.
* * * LOW HITPOINT WARNING * * *
You barely miss something. Something hits you.
* * * LOW HITPOINT WARNING * * *
Something hits you.
* * * LOW HITPOINT WARNING * * *
You hit something. Trog accepts your kill.
Trog appreciates your killing of a magic user.
Reactivating autopickup.
You feel a bit more experienced.
Your Fighting skill increases to level 5!
You hit the orc.
You tail-slap the orc, but do no damage.
The orc is severely wounded.
The orc closely misses you.
You riposte.
You barely miss the orc.
The orc is severely wounded.
The orc misses you.
Your skin crawls.
You feel strong-willed. The orc barely misses you.
You riposte.
You hit the orc but do no damage.
The orc is severely wounded.
The orc closely misses you.
You riposte.
You hit the orc.
You kill the orc!
Trog accepts your kill.
You see here a +0 whip.
As you read the scroll labelled UGESECV JOWORGH, it crumbles to dust.
It is a scroll of identify.
d - a potion of heal wounds The ogre hits you with a +0 giant club!
You die...

#...#..)....##.....#........##
.
#.#..^#...#.##....##.#........
#.##.###....##.....)..........
#.##.#####..####...)).........
#.##....##..# ###.###.......#
#.#####.##..# ###.####.....##
#<# #.##..# #...........## #.#
#.##..# #.#.#######.#
#.#####.##..####@#.# #.#
#.†...........##O#.# #.#
#######.#####.##g#.### #.# #.#
#.##)#...# #.#
#.#####.##o###.# #.#
#.......##o# #)# #.#
#.########.###.## #.# #.#
#####g##...####.# #.#
#.g.............#


You could see an ogre, 2 gnolls and 2 orcs.

Vanquished Creatures
  An orc priest (D:3)
  An orc wizard (D:3)
  Natasha (thrice) (D:2)
  4 gnolls (D:3)
  3 adders
  2 dart slugs
  4 orcs (D:3)
  5 bats
  2 endoplasms
  A giant cockroach (D:1)
  5 goblins
  4 hobgoblins
  8 jackals
  A kobold (D:1)
  3 quokkas
  4 ball pythons
  4 frilled lizards
  11 rats
66 creatures vanquished.

Notes
Turn   | Place    | Note
-------+----------+-------------------------------------------
     0 | D:1      | robertstho the Draconian Berserker began the quest for the
                  | Orb.
     0 | D:1      | Reached XP level 1. HP: 19/19 MP: 1/1
   134 | D:1      | Reached XP level 2. HP: 23/26 MP: 2/2
   635 | D:1      | Reached ** piety under Trog
   854 | D:2      | Found a faded altar of an unknown god.
   862 | D:2      | Reached XP level 3. HP: 27/33 MP: 3/3
  1144 | D:2      | Noticed Natasha
  1156 | D:2      | Killed Natasha
  1157 | D:2      | Reached skill level 4 in Fighting
  1157 | D:2      | Reached XP level 4. HP: 24/40 MP: 4/4
  1334 | D:2      | Noticed Natasha
  1342 | D:2      | Killed Natasha
  1389 | D:2      | Noticed Natasha
  1399 | D:2      | Killed Natasha
  1704 | D:3      | Reached XP level 5. HP: 47/47 MP: 5/5
  2257 | D:3      | Noticed an ogre
  2300 | D:3      | HP: 1/47 [something (2)]
  2301 | D:3      | Reached *** piety under Trog
  2302 | D:3      | Reached skill level 5 in Fighting
  2306 | D:3      | Slain by an ogre

Illustrated notes

Levels and vault maps discovered:
D:1:      saegor_arrival_simple_d, layout_basic, grunt_decor_junction
D:2:      layout_rooms, ebering_ecumenical_altar_rust, uniq_natasha
D:3:      lemuel_castle_with_subvaults [lemuel_castle_interior_original],
          layout_loops_ring, serial_glass, glass_columns_a, glass_columns_c

Skill      XL: |  1  2  3  4  5 |
---------------+----------------+-----
Dodging        | 3 4 |  4.1
Fighting       | 4 5 |  5.0
Long Blades    | 4 |  4.4
Stealth        | |  0.5

Action                   |  1- 3 |  4- 6 || total
-------------------------+-------+-------++-------
Melee: Falchion          |    96 |   102 ||   198
       Tailslap          |    14 |    16 ||    30
Invok: Berserk           |       |     5 ||     5
       Trog's Hand       |       |     1 ||     1
  Use: Scroll            |       |     1 ||     1
 Stab: Sleeping          |     1 |       ||     1
Armor: Skin              |    35 |    28 ||    63
Dodge: Dodged            |    74 |    74 ||   148
       Rpst.: Falchion   |    25 |    22 ||    47

Table legend: (Time is in decaauts)
 A = Elapsed time spent in this place.
 B = Non-inter-level travel time spent in this place.
 C = Inter-level travel time spent in this place.
 D = Time resting spent in this place.
 E = Time spent auto-exploring this place.
 F = Levels seen in this place.
 G = Mean time per level.
                   A        B        C        D        E       F      G
               +--------+--------+--------+--------+--------+-----+--------+
         Total |   2363 |   2318 |     45 |    110 |   1756 |   3 |  787.7 |
       Dungeon |   2363 |   2318 |     45 |    110 |   1756 |   3 |  787.7 |
               +--------+--------+--------+--------+--------+-----+--------+

Top non-repeatable levels by time:
     D:2: 864 daAuts
     D:1: 861 daAuts
     D:3: 637 daAuts
